AoeStats
← Chernanz

Pilgrims

508698117Analyzed
2v2 RM · 9d ago on Sep 23, 2026· 36m 57s· 4 players
Game mode
Random Map
Map size
Medium (4 player)
Population
200
Speed
Normal
Resources
Standard
Victory
Conquest
Starting age
Dark Age
Ending age
Imperial Age
RankedLock teamsTeams togetherTeam positionsShared explorationLock speedFull tech treeHidden civsTurbo modeCheats
Victory
Defeat
🇨🇴 Japanese · Colombia
1062
+18
🇨🇴 Wu · Colombia
1041
+19
🇪🇸 Tatars · Spain
1112
-19
🇪🇸 Goths · Spain
1087
-18
DAVIJO90
4:12 Loom
13:03 Feudal Age
13:54 Double-Bit Axe
15:23 Fishing Lines
16:26 Wheelbarrow
16:43 Wheelbarrow
21:15 Castle Age
20:04 Scale Barding Armor
20:11 Forging
21:11 Gold Mining
21:11 Stone Mining
22:09 Husbandry
22:21 Bloodlines
23:25 Bow Saw
24:06 Iron Casting
26:59 Hand Cart
33:52 Gillnets
36:32 Stone Shaft Mining
Alosk8
4:34 Loom
14:15 Feudal Age
14:17 Man-at-Arms
21:18 Gold Mining
24:53 Castle Age
32:05 Forging
31:55 Scale Mail Armor
Chernanz
11:56 Feudal Age
12:58 Fletching
18:02 Castle Age
17:38 Loom
19:21 Bodkin Arrow
DANERID
5:37 Loom
14:09 Feudal Age
20:46 Castle Age
19:13 Stone Mining
19:16 Gold Mining
21:19 Bloodlines
21:33 Forging
21:29 Scale Barding Armor
22:48 Wheelbarrow
23:30 Iron Casting
24:09 Fletching
24:23 Husbandry
32:28 Gold Shaft Mining
Connection lost

Rejoining the realm…

Still unreachable

The connection could not be restored.

Session expired

The server has moved on; the page needs a fresh start.